Map: New Repugnancy LE

Players

Demion - Winner!

  • Race: Zerg Zerg
  • League: Diamond
  • Spawn Location: 1:00

PeLLy

  • Race: Zerg Zerg
  • League: Diamond
  • Spawn Location: 7:00

VOD

Have the link to the VOD?

Description

Time

  • Played on: Aug. 18, 2019, 9:40 a.m.
  • Length: 5:10
Show
View Real Time Build Order
Export as new Build Order

Demion Zerg - Winner!

Build Orders: Hatch First 

Get SALT Encoding   

  12  0:02  Drone  
  13  0:09  Drone  
  14  0:17  Overlord  
  14  0:37  Drone x3  
  17  0:57  Hatchery  
  16  1:10  Spawning Pool  
  15  1:12  Extractor  
  15  1:14  Drone  
  15  1:16  Drone  
  16  1:20  Drone  
  17  1:25  Drone  
  18  1:38  Drone  
  19  1:49  Overlord  
  19  1:57  Queen  
  21  2:09  Queen  
  21  2:13  Zergling x6  
  21  2:15  Metabolic Boost  
  26  2:24  Zergling x2  
  26  2:25  Zergling x2  
  28  2:30  Overlord  
  28  2:42  Zergling x6  
  31  2:51  Zergling x2  
  31  2:55  Zergling x2  
  33  3:04  Zergling x4  
  35  3:10  Zergling x6  
  38  3:33  Baneling Nest, Zergling x10  
  38  3:34  Zergling x2  
  42  3:45  Zergling x2  
  41  3:52  Zergling x8  
  41  4:06  Zergling x2  
  41  4:07  Zergling x6  
  42  4:31  Zergling x4  
  38  4:47  Baneling x5  
  38  4:48  Zergling x2  
  38  4:49  Zergling x4  
Show
View Real Time Build Order
Export as new Build Order

PeLLy Zerg 

Build Orders: Hatch First 

Get SALT Encoding   

  12  0:00  Drone  
  13  0:14  Overlord  
  13  0:27  Drone  
  14  0:38  Drone x2  
  16  0:51  Hatchery  
  16  0:54  Drone  
  16  0:57  Drone  
  16  1:02  Drone  
  18  1:13  Drone  
  18  1:18  Spawning Pool  
  18  1:21  Extractor  
  18  1:23  Drone  
  18  1:34  Drone  
  19  1:45  Drone  
  20  1:53  Overlord  
  20  2:06  Zergling x4  
  20  2:07  Queen x2  
  26  2:22  Drone x2  
  28  2:25  Metabolic Boost  
  28  2:29  Drone x2  
  30  2:38  Drone x2  
  32  2:49  Overlord  
  31  3:01  Zergling x6  
  31  3:03  Hatchery  
  33  3:13  Evolution Chamber  
  33  3:14  Evolution Chamber  
  33  3:17  Evolution Chamber  
  30  3:29  Drone x4  
  30  3:30  Baneling Nest  
  33  3:35  Spine Crawler  
  31  3:44  Zergling x6  
  33  3:51  Zergling x4  
  31  3:58  Queen  
  31  4:00  Zergling x2  
  29  4:12  Zergling x8  
  31  4:21  Baneling  
  31  4:22  Baneling  
  29  4:26  Zergling x6  
  32  4:31  Baneling x3  
  32  4:32  Baneling  
  16  4:46  Zergling x8  
  16  4:52  Drone  
Tags
 
Add a new tag
Caveats
  • Supply blocks, unpowered buildings, or Contaminate may cause inaccurate times.
  • Supply counts are checked every 10 seconds.